 Dungeon Crawl Stone Soup version 0.30-a0-4-ga7cffc901d (webtiles) character file.

Game seed: 4433362914598708080

288 Setbun the Slicer (level 6, -2/35 HPs)
             Began as a Kobold Brigand on Aug 21, 2022.
             Succumbed to a scorpion's poison
             ... on level 4 of the Dungeon.
             The game lasted 00:02:18 (2783 turns).

Setbun the Slicer (Kobold Brigand)                  Turns: 2783, Time: 00:02:18

Health: -2/35      AC:  3    Str:  5 (8)  XL:     6   Next: 57%
Magic:  6/6        EV: 14    Int: 11 (13) God:
Gold:   131        SH:  0    Dex: 17 (18) Spells: 5/5 levels left

rFire   . . .      SeeInvis .    a - +3 dagger
rCold   . . .      Faith    .    (no shield)
rNeg    . . .      Spirit   .    b - +0 robe
rPois   .          Reflect  .    (no helmet)
rElec   .          Harm     .    c - +0 cloak
rCorr   .          Rampage  .    (no gloves)
Will    .....                    (no boots)
Stlth   ++++......               (no amulet)
HPRegen 0.11/turn                (no ring)
MPRegen 0.10/turn                (no ring)

@: brilliant, lethally poisoned (-2 -> -12), on berserk cooldown, attractive,
flying
A: small, no large weapons, nightstalker 3
a: no special abilities


You were on level 4 of the Dungeon.
You visited 1 branch of the dungeon, and saw 4 of its levels.

You collected 131 gold pieces.

Inventory:

Hand Weapons
 a - a +3 dagger (weapon)
Missiles
 d - 9 poisoned darts (quivered)
 e - 3 curare-tipped darts
Armour
 b - a +0 robe (worn)
 c - a +0 cloak (worn)
Jewellery
 r - a ring of poison resistance
Scrolls
 g - 2 scrolls of enchant weapon
 h - a scroll of immolation {unknown}
 i - 6 scrolls of identify {unknown}
 k - a scroll of torment {unknown}
 l - 2 scrolls of butterflies {unknown}
 m - a scroll of fear {unknown}
 o - 2 scrolls of silence {unknown}
 q - a scroll of vulnerability {unknown}
 s - a scroll of magic mapping {unknown}
 t - 2 scrolls of teleportation {unknown}
Potions
 j - 2 potions of attraction
 n - a potion of brilliance
 v - a potion of ambrosia


   Skills:
 - Level 2.1 Fighting
 * Level 8.5 Short Blades
 - Level 2.1 Throwing
 - Level 1.2 Dodging
 - Level 5.3 Stealth


You had 5 spell levels left.
You didn't know any spells.
Your spell library contained the following spells:

 Spells                   Type           Power      Damage    Failure   Level
 Magic Dart               Conj           0%         1d3       34%         1
 Call Imp                 Summ           0%         N/A       47%         2
 Mephitic Cloud           Conj/Pois/Air  0%         N/A       71%         3


Dungeon Overview and Level Annotations

Branches:
Dungeon (4/15)
 Temple: D:4-7

Altars:

Shops:
D:1 :


Innate Abilities, Weirdness & Mutations

You are small and have problems with some larger weapons.
You are completely attuned to the shadows.


Message History

You feel sick.
You hit the scorpion.
The scorpion is moderately wounded.
You feel yourself speed up.
You feel sick. The scorpion barely misses you.
You completely miss the scorpion.
The scorpion is moderately wounded.
You feel sick. The scorpion stings you.
You are lethally poisoned!
The scorpion poisons you!
You hit the scorpion but do no damage.
The scorpion is moderately wounded.
You feel very sick. The scorpion stings you.
You hit the scorpion but do no damage.
You punch the scorpion, but do no damage.
The scorpion is moderately wounded.
* * * LOW HITPOINT WARNING * * *
You feel sick.
You hit the scorpion.
The scorpion is heavily wounded.
* * * LOW HITPOINT WARNING * * *
You feel sick. The scorpion misses you.
You hit the scorpion but do no damage.
The scorpion is heavily wounded.
* * * LOW HITPOINT WARNING * * *
You feel sick. The scorpion barely misses you.
You hit the scorpion.
The scorpion is heavily wounded.
* * * LOW HITPOINT WARNING * * *
You feel sick.
You hit the scorpion.
The scorpion is almost dead.
* * * LOW HITPOINT WARNING * * *
You feel sick. The scorpion stings you.
* * * LOW HITPOINT WARNING * * *
As you read the scroll labelled LIGAMP PUYRCH, it crumbles to dust.
It is a scroll of enchant weapon.
Your +2 dagger glows red for a moment.
You die...

#..#..###.)...#
##.##..# ##....######
##..###.# #.........##
#####...# #.#
##.........#
#....##..##.#
#......####
#.#..###..#.## #..(..##
#.##.## #....# #.....#
#.##..# #....####....##
#.##..###..##..@s...##
#.###..#..######....#
##.###....## #....###
#...##...## ##.......
###......# ##........
###....## ###.........
##.......###..###......
#...##...##..## ##.....
##.####......## ##.....


You could see a scorpion.

Vanquished Creatures
  A black bear (D:3)
  Jessica (D:3)
  Natasha (twice) (D:3)
  2 orc wizards (D:4)
  2 adders
  2 dart slugs (D:1)
  2 ball pythons (D:1)
  6 endoplasms
  A giant cockroach (D:1)
  2 goblins (D:2)
  6 hobgoblins
  2 jackals (D:2)
  6 kobolds
  3 quokkas
  6 bats
  9 frilled lizards (D:2)
  4 rats
57 creatures vanquished.

Vanquished Creatures (others)
  4 plants (D:2)
4 creatures vanquished.

Grand Total: 61 creatures vanquished

Notes
Turn   | Place    | Note
-------+----------+-------------------------------------------
     0 | D:1      | Setbun the Kobold Brigand began the quest for the Orb.
     0 | D:1      | Reached XP level 1. HP: 12/12 MP: 1/1
    53 | D:1      | Reached skill level 3 in Short Blades
    55 | D:1      | Found Qighes's Book Emporium.
    62 | D:1      | Reached XP level 2. HP: 17/17 MP: 2/2
   196 | D:1      | Found a faded altar of an unknown god.
   224 | D:1      | Reached skill level 4 in Short Blades
   306 | D:1      | Reached XP level 3. HP: 13/21 MP: 3/3
  1000 | D:2      | Reached skill level 5 in Short Blades
  1359 | D:2      | Reached XP level 4. HP: 23/26 MP: 4/4
  1894 | D:3      | Noticed a black bear
  1898 | D:3      | Killed a black bear
  1899 | D:3      | Reached skill level 7 in Short Blades
  1899 | D:3      | Reached XP level 5. HP: 30/30 MP: 5/5
  1910 | D:3      | Identified the +2 robe "Icofucw" {rF+ Str+2}
  1964 | D:3      | Noticed Natasha
  1976 | D:3      | Killed Natasha
  2159 | D:3      | Noticed Jessica
  2163 | D:3      | Killed Jessica
  2164 | D:3      | Reached XP level 6. HP: 35/35 MP: 6/6
  2391 | D:3      | Noticed Natasha
  2409 | D:3      | Killed Natasha
  2410 | D:3      | Reached skill level 8 in Short Blades
  2782 | D:4      | HP: 1/35 [scorpion (2)]
  2783 | D:4      | Succumbed to a scorpion's poison

Illustrated notes

Levels and vault maps discovered:
D:1:      moated_graveyard_arrival, layout_basic,
          shapermc_ecumenical_altar_mp_ritualfount, serial_shops, shop,
          minivault_4, minmay_pentomino_u4
D:2:      layout_basic, minmay_lizard_king
D:3:      layout_basic, minmay_misc_feat_chi, uniq_natasha, uniq_jessica
D:4:      layout_layer_cave

Skill      XL: |  1  2  3  4  5  6 |
---------------+-------------------+-----
Short Blades   | 3 4 5 7 8 |  8.5
Fighting       | |  2.1
Throwing       | |  2.1
Dodging        | |  1.2
Stealth        | |  5.3

Action                   |  1- 3 |  4- 6 || total
-------------------------+-------+-------++-------
Melee: Dagger            |    63 |   100 ||   163
       Punch             |       |     2 ||     2
  Use: Potion            |       |     8 ||     8
       Scroll            |       |     1 ||     1
 Stab: Sleeping          |    22 |    12 ||    34
Armor: Robe              |     9 |     8 ||    17
Dodge: Dodged            |    24 |    53 ||    77

Table legend: (Time is in decaauts)
 A = Elapsed time spent in this place.
 B = Non-inter-level travel time spent in this place.
 C = Inter-level travel time spent in this place.
 D = Time resting spent in this place.
 E = Time spent auto-exploring this place.
 F = Levels seen in this place.
 G = Mean time per level.
                   A        B        C        D        E       F      G
               +--------+--------+--------+--------+--------+-----+--------+
         Total |   2760 |   2703 |     57 |    294 |   2079 |   4 |  690.0 |
       Dungeon |   2760 |   2703 |     57 |    294 |   2079 |   4 |  690.0 |
               +--------+--------+--------+--------+--------+-----+--------+

Top non-repeatable levels by time:
     D:2: 907 daAuts
     D:1: 878 daAuts
     D:3: 756 daAuts
     D:4: 218 daAuts
